[Event "Titled Tuesday Blitz May 24 Early 2022"]
[White "Stanisz, Patryk"]
[Black "Ciuffoletti, Paolo"]
[WhiteFideId "1123106"]
[BlackFideId "807630"]
[WhiteElo "1833"]
[BlackElo "2143"]
[Result "1-0"]
[Round "10"]
[TimeControl "180+1"]
[Date "2022.05.25"]
[WhiteClock "0:00:04"]
[BlackClock "0:00:01"]

1. e4 c5 2. Nf3 Nc6 3. d4 cxd4 4. Nxd4 Nf6 5. Nc3 e5 6. Ndb5 d6 7. Bg5 a6 8. Na3 b5 9. Nd5 Be7 10. Bxf6 Bxf6 11. c3 O-O 12. Nc2 Rb8 13. h4 Be6 14. Nce3 Be7 15. Bd3 Qd7 16. h5 h6 17. Qe2 Bg5 18. g3 Bxd5 19. Nxd5 Ne7 20. Nxe7+ Bxe7 21. a4 bxa4 22. Bxa6 Rb6 23. Bc4 Kh8 24. O-O f5 25. exf5 d5 26. Rfd1 Rd6 27. Bb5 Qxf5 28. Rxa4 e4 29. Kg2 Bf6 30. Ra6 Rxa6 31. Bxa6 Rd8 32. Qe3 Bg5 33. Qe2 Bf6 34. Qe3 Bg5 35. Qe1 Qf3+ 36. Kg1 e3 37. Be2 exf2+ 38. Qxf2 Qxf2+ 39. Kxf2 Rf8+ 40. Kg2 Rf5 41. g4 Re5 42. Bf3 Kg8 43. Bxd5+ Kf8 44. Kf3 Re3+ 45. Kg2 Re2+ 46. Kf3 Rxb2 47. Be4 Ke7 48. c4 Rb4 49. Bd5 Rb3+ 50. Ke4 Rc3 51. Kf5 Rc1 52. Rd3 Kd6 53. Kg6 Bf6 54. Bf7+ Kc5 55. Rd7 Kc6 56. Rd5 Rg1 57. Kf5 Rf1+ 58. Ke4 Re1+ 59. Kf3 Rf1+ 60. Ke2 Rc1 61. Rd3 Rg1 62. Bd5+ Kc7 63. Kf3 1-0


[Site "https://www.chess.com"]

[Event "Titled Tuesday Blitz May 24 Early 2022"]
[White "Steenbekkers, Franck"]
[Black "Lauridsen, Jesper Morch"]
[WhiteFideId "1004220"]
[BlackFideId "1401890"]
[WhiteElo "2032"]
[BlackElo "2241"]
[Result "1-0"]
[Round "10"]
[TimeControl "180+1"]
[Date "2022.05.25"]
[WhiteClock "0:00:49"]
[BlackClock "0:00:02"]

1. e4 c5 2. Nf3 d6 3. d4 cxd4 4. Nxd4 Nf6 5. Nc3 g6 6. Be3 Bg7 7. f3 O-O 8. Qd2 Nc6 9. O-O-O d5 10. exd5 Nxd5 11. Nxc6 bxc6 12. Bd4 Be6 13. Ne4 Rb8 14. Nc5 Nb4 15. a3 Na2+ 16. Kb1 Qb6 17. Nxe6 Qxb2+ 18. Bxb2 Rxb2+ 19. Ka1 fxe6 20. Bc4 Nb4 21. Bxe6+ Kh8 22. axb4 Ra8 23. Qd8+ Rxd8 24. Rxd8+ 1-0


[Site "https://www.chess.com"]

[Event "Titled Tuesday Blitz May 24 Early 2022"]
[White "Taboas Rodriguez, Daniel"]
[Black "Alinasab, Mobina"]
[WhiteFideId "2208466"]
[BlackFideId "12528897"]
[WhiteElo "2429"]
[BlackElo "2031"]
[Result "1/2-1/2"]
[Round "10"]
[TimeControl "180+1"]
[Date "2022.05.25"]
[WhiteClock "0:00:03"]
[BlackClock "0:00:12"]

1. d4 d5 2. Nf3 Nf6 3. c4 dxc4 4. e3 a6 5. Bxc4 b5 6. Be2 Bb7 7. O-O e6 8. a4 b4 9. b3 Nbd7 10. Bb2 c5 11. Nbd2 Be7 12. Rc1 O-O 13. Nc4 cxd4 14. Nxd4 Rc8 15. Bf3 Bxf3 16. Qxf3 Nc5 17. Rfd1 Qd5 18. Nb6 Qxf3 19. gxf3 Rc7 20. Rc4 a5 21. Rdc1 Rb7 22. Nc6 Nxb3 23. Rd1 Bc5 24. Nxa5 Nxa5 25. Rxc5 Rxb6 26. Rxa5 Nd5 27. Bd4 Rb7 28. Rb1 Rc8 29. Rb5 Rcb8 30. Rxb7 Rxb7 31. a5 Nc7 32. Bb6 Nd5 33. Bc5 Rb5 34. e4 Rxc5 35. exd5 Rxa5 36. Rxb4 g6 37. dxe6 fxe6 38. Rb7 Rf5 39. Kg2 Rf7 40. Rb6 Re7 41. Kg3 Kf7 42. Kf4 Kf6 43. h4 Rc7 44. Rb4 Rc5 45. Re4 e5+ 46. Kg4 h5+ 47. Kg3 Kf5 48. Ra4 Rc1 49. Ra5 Rg1+ 50. Kh2 Rf1 51. Kg2 Rb1 52. Rc5 Re1 53. Kg3 Rg1+ 54. Kh2 Re1 55. Kg2 g5 56. hxg5 Kxg5 57. Rc8 h4 58. Rg8+ Kf5 59. Rh8 Kg5 60. Rg8+ Kf5 61. Rg4 Rd1 62. Rxh4 Ra1 63. Rh5+ Kf6 64. Rh8 Kf5 65. Rb8 Kf6 66. Rb5 Kf5 67. Kg3 Rg1+ 68. Kh2 Rf1 69. Kg2 Re1 70. Rb4 Re2 71. Rc4 Re1 72. Ra4 Re2 73. Kf1 Rc2 74. Re4 Rc1+ 75. Kg2 Rc2 76. Kg3 Rc1 77. Kg2 Rc2 78. Re1 Rb2 79. Kg3 Ra2 80. Re4 Ra1 81. Re2 Rg1+ 82. Kh2 Ra1 83. Kg2 Ra3 84. Re3 Ra2 85. Rc3 Ra1 86. Rc8 Rb1 87. Rf8+ Kg5 88. Kg3 Rg1+ 89. Kh2 Rb1 90. Kg2 Ra1 91. Rf7 Rb1 92. Rh7 Ra1 93. Rh1 Ra2 94. Rd1 Kf5 95. Kf1 Kf4 96. Rd3 Ra1+ 97. Kg2 Ra2 98. Re3 Rb2 99. Re4+ Kf5 100. Kg3 Rb1 101. Rg4 Rg1+ 102. Kh3 Rf1 103. Kg2 Rc1 104. Rh4 Rb1 105. Rc4 Ra1 106. Rc3 Rb1 107. Rd3 Rc1 108. Re3 Kf4 109. Re4+ Kf5 110. Rh4 Rb1 111. Rh1 Rb2 112. Re1 1/2-1/2


[Site "https://www.chess.com"]

[Event "Titled Tuesday Blitz May 24 Early 2022"]
[White "Tanenbaum, Zachary"]
[Black "Costachi, Mihnea"]
[WhiteFideId "2060850"]
[BlackFideId "1217518"]
[WhiteElo "2168"]
[BlackElo "2476"]
[Result "0-1"]
[Round "10"]
[TimeControl "180+1"]
[Date "2022.05.24"]
[WhiteClock "0:00:04"]
[BlackClock "0:01:10"]

1. e4 e5 2. Nf3 Nc6 3. Bc4 Bc5 4. c3 Nf6 5. d3 d6 6. Nbd2 a6 7. a4 h6 8. Nf1 Be6 9. Bxe6 fxe6 10. Ng3 O-O 11. O-O Qe8 12. Be3 Ba7 13. Bxa7 Rxa7 14. d4 exd4 15. cxd4 Ra8 16. Qb3 Rb8 17. Rac1 Qf7 18. Rfd1 Kh8 19. d5 exd5 20. exd5 Ne5 21. Nxe5 dxe5 22. f3 Rfd8 23. Qc3 Rxd5 24. Rxd5 Qxd5 25. Qxc7 Qd4+ 26. Kh1 Rd8 27. Re1 Rd7 28. Qb8+ Kh7 29. b3 Qc3 30. Rf1 Qxb3 31. Qxe5 Qxa4 32. Qf5+ Kh8 33. h3 Qc6 34. Re1 Qd5 35. Re5 Qd3 36. Ne4 Rd8 37. Nxf6 Qxf5 38. Rxf5 Rf8 39. Rd5 Rxf6 40. Rd7 Rb6 41. f4 a5 42. Rd5 a4 43. Ra5 Rb4 44. f5 Kg8 45. Ra7 Kf7 46. g4 Kf6 47. Kg2 Kg5 48. Kg3 Rb3+ 49. Kg2 a3 50. Ra5 Kh4 51. Ra4 Rb2+ 52. Kf3 a2 53. Kf4 b5 54. Ra3 Rb4+ 55. Kf3 Ra4 56. Re3 a1=Q 57. g5 Qf1# 0-1


[Site "https://www.chess.com"]

[Event "Titled Tuesday Blitz May 24 Early 2022"]
[White "Tomaszewski, Kacper"]
[Black "Sargsyan, Anna M."]
[WhiteFideId "1127373"]
[BlackFideId "13308130"]
[WhiteElo "2153"]
[BlackElo "2271"]
[Result "1-0"]
[Round "10"]
[TimeControl "180+1"]
[Date "2022.05.25"]
[WhiteClock "0:00:13"]
[BlackClock "0:00:09"]

1. d4 d5 2. c4 c6 3. Nc3 Nf6 4. cxd5 cxd5 5. Bg5 Nc6 6. Bxf6 gxf6 7. e3 Bf5 8. a3 e6 9. Nge2 Bd6 10. g3 O-O 11. Bg2 Rc8 12. O-O a6 13. Rc1 Na5 14. Na4 Rxc1 15. Nxc1 Qe7 16. Nb3 Nc4 17. Nd2 Rc8 18. Nxc4 Rxc4 19. b3 Rc7 20. Nc5 Bxc5 21. dxc5 Qxc5 22. g4 Bg6 23. Qf3 Kg7 24. h4 Qxa3 25. h5 Be4 26. Qf4 e5 27. h6+ Kf8 28. Qxf6 Ke8 29. Bxe4 dxe4 30. Rd1 Rd7 31. Qxe5+ Kd8 32. Qb8+ Ke7 33. Rxd7+ Kxd7 34. Qxb7+ Kd6 35. Qxf7 Qc1+ 36. Kg2 Qc8 37. Qf6+ Kd5 38. Qf5+ Qxf5 39. gxf5 Ke5 40. f4+ Kxf5 41. Kg3 Kg6 42. Kg4 Kxh6 43. Kf5 Kh5 44. Kxe4 Kg4 45. f5 h5 46. f6 h4 47. f7 h3 48. f8=Q 1-0


[Site "https://www.chess.com"]

[Event "Titled Tuesday Blitz May 24 Early 2022"]
[White "Tregubov, Pavel V."]
[Black "Kuderinov, Kirill"]
[WhiteFideId "4115341"]
[BlackFideId "13701568"]
[WhiteElo "2341"]
[BlackElo "2432"]
[Result "1-0"]
[Round "10"]
[TimeControl "180+1"]
[Date "2022.05.25"]
[WhiteClock "0:01:12"]
[BlackClock "0:00:35"]

1. e4 e6 2. d4 d5 3. exd5 exd5 4. Nf3 Nf6 5. Bd3 Bd6 6. Qe2+ Qe7 7. Qxe7+ Bxe7 8. Bf4 c6 9. O-O O-O 10. Re1 Re8 11. Nbd2 Nbd7 12. a4 Nf8 13. h3 Ne6 14. Bh2 Bd7 15. a5 c5 16. c3 cxd4 17. cxd4 Bb4 18. Re2 g6 19. Nb3 Kg7 20. Ne5 Bc6 21. Nxc6 bxc6 22. Ba6 Rab8 23. Bxb8 Rxb8 24. Rc1 Bd6 25. Rxc6 Rxb3 26. Rxd6 Nxd4 27. Rd2 Nf5 28. Rc6 d4 29. Bd3 Ne7 30. Rc7 Ned5 31. Rxa7 Rb8 32. a6 Nb4 33. Rb7 Rxb7 34. axb7 Nd7 35. Bb5 Nb8 36. Rxd4 1-0


[Site "https://www.chess.com"]

[Event "Titled Tuesday Blitz May 24 Early 2022"]
[White "Turutin, Alexander"]
[Black "Rodchenkov, Sergey D."]
[WhiteFideId "4180623"]
[BlackFideId "4168712"]
[WhiteElo "2402"]
[BlackElo "2306"]
[Result "1-0"]
[Round "10"]
[TimeControl "180+1"]
[Date "2022.05.25"]
[WhiteClock "0:00:33"]
[BlackClock "0:00:25"]

1. g3 d5 2. Bg2 Nf6 3. c4 dxc4 4. Na3 c6 5. Nxc4 Be6 6. Qc2 Nbd7 7. Nf3 Bd5 8. O-O e6 9. Ne3 Be7 10. b3 O-O 11. Bb2 a5 12. Rfc1 Qb6 13. d3 Qa6 14. Nc4 Bxf3 15. Bxf3 a4 16. Rab1 Nd5 17. bxa4 Qxa4 18. Qxa4 Rxa4 19. a3 Rfa8 20. Bxd5 exd5 21. Ne5 Nf6 22. e3 Bd6 23. Rc2 h5 24. Nf3 Bxa3 25. Bxf6 gxf6 26. Rxb7 c5 27. Ra2 Bb4 28. Rxa4 Rxa4 29. Rd7 c4 30. Rxd5 c3 31. Nd4 Ra2 32. Rd8+ Kh7 33. Rc8 Rd2 34. Rc4 Ba5 35. Nb3 Ra2 36. Nxa5 Rxa5 37. Rxc3 Rd5 38. d4 Kg6 39. Kg2 Rd6 40. Kf3 Ra6 41. h4 Ra2 42. e4 Ra5 43. Ke3 Ra4 44. f3 f5 45. Rc6+ Kg7 46. exf5 Ra3+ 47. Kf4 Rd3 48. Rd6 Kf8 49. g4 Ke7 50. Rd5 hxg4 51. fxg4 Rd2 52. Kg5 f6+ 53. Kg6 Rg2 54. g5 Rg4 55. Ra5 fxg5 56. hxg5 Rxd4 57. Ra7+ Kf8 58. f6 Rd8 59. Rf7+ Kg8 60. Rg7+ Kh8 61. Re7 Kg8 62. f7+ Kf8 63. Re8+ Rxe8 64. fxe8=Q+ Kxe8 65. Kh7 Ke7 66. g6 Kf6 67. g7 Kf7 68. g8=Q+ Kf6 69. Qd5 Ke7 70. Kg6 Ke8 71. Qb7 1-0


[Site "https://www.chess.com"]

[Event "Titled Tuesday Blitz May 24 Early 2022"]
[White "Vainio, Ville"]
[Black "Politov, Pavel Y."]
[WhiteFideId "507270"]
[BlackFideId "24110515"]
[WhiteElo "2214"]
[BlackElo "2090"]
[Result "1-0"]
[Round "10"]
[TimeControl "180+1"]
[Date "2022.05.25"]
[WhiteClock "0:00:14"]
[BlackClock "0:01:13"]

1. e4 c5 2. Nf3 d6 3. d4 cxd4 4. Nxd4 Nf6 5. Nc3 a6 6. Be2 e5 7. Nb3 Be6 8. f4 exf4 9. Bxf4 d5 10. e5 Ne4 11. Nxe4 dxe4 12. Qxd8+ Kxd8 13. Nd4 Nc6 14. Nxe6+ fxe6 15. Bc4 Ke7 16. O-O-O b5 17. Be2 h6 18. Rd6 Nd8 19. Rhd1 g6 20. a4 bxa4 21. Bxa6 g5 22. Bg3 Nf7 23. Rd7+ Ke8 24. Bb5 Ra5 25. Rd8+ Ke7 26. R1d7# 1-0


[Site "https://www.chess.com"]

[Event "Titled Tuesday Blitz May 24 Early 2022"]
[White "Vajda, Levente"]
[Black "Sismeiro, Miguel"]
[WhiteFideId "1203975"]
[BlackFideId "1950975"]
[WhiteElo "2573"]
[BlackElo "2031"]
[Result "0-1"]
[Round "10"]
[TimeControl "180+1"]
[Date "2022.05.24"]
[WhiteClock "0:00:03"]
[BlackClock "0:00:08"]

1. e4 g6 2. d4 Bg7 3. Nc3 d5 4. e5 c6 5. Nf3 Bg4 6. h3 Bxf3 7. Qxf3 e6 8. h4 Qb6 9. Qd3 h5 10. Bd2 Ne7 11. Na4 Qc7 12. Bb4 Nf5 13. g3 a5 14. Bc5 Nd7 15. Bh3 b6 16. Ba3 b5 17. Bxf5 gxf5 18. Bd6 Qb7 19. Nc5 Nxc5 20. dxc5 b4 21. b3 Qa6 22. Qd1 Kd7 23. f3 f6 24. f4 fxe5 25. fxe5 Bh6 26. a3 Qb5 27. Qe2 Qb7 28. Kf2 Rag8 29. axb4 Qxb4 30. Ra4 Qc3 31. Qd3 Qxd3 32. cxd3 Bd2 33. Rha1 Ra8 34. R1a2 Bc3 35. d4 Rhg8 36. Rc2 Bb4 37. Ra1 Rg4 38. Rd1 Rag8 39. Rd3 f4 40. Kg2 Rxg3+ 41. Rxg3 Rxg3+ 42. Kh2 Rxb3 43. Rg2 Rg3 44. Rf2 Rg4 45. Kh3 Rxh4+ 46. Kg2 Rg4+ 47. Kf3 a4 48. Rb2 Bc3 49. Rb7+ Ke8 50. Ra7 Rg3+ 51. Kxf4 Rg4+ 52. Kf3 Rxd4 53. Re7+ Kd8 54. Rxe6 a3 55. Rh6 a2 56. e6 Rd3+ 57. Ke2 a1=Q 58. Kxd3 Bg7 59. e7+ Kd7 60. Rh7 Qd4+ 61. Ke2 Qe4+ 62. Kf2 Qxh7 63. e8=Q+ Kxe8 64. Bc7 Qf5+ 0-1


[Site "https://www.chess.com"]

[Event "Titled Tuesday Blitz May 24 Early 2022"]
[White "Vasquez Schroeder, Rodrigo"]
[Black "Keymer, Vincent"]
[WhiteFideId "3400042"]
[BlackFideId "12940690"]
[WhiteElo "2567"]
[BlackElo "2548"]
[Result "0-1"]
[Round "10"]
[TimeControl "180+1"]
[Date "2022.05.24"]
[WhiteClock "0:00:21"]
[BlackClock "0:00:03"]

1. e4 c6 2. Nf3 d5 3. d3 dxe4 4. dxe4 Qxd1+ 5. Kxd1 Nd7 6. Nfd2 f5 7. Nc3 Ngf6 8. f3 e5 9. exf5 Nc5 10. Nc4 Bxf5 11. Nxe5 Bd6 12. Nd3 O-O-O 13. Be3 Rhe8 14. Kd2 Re7 15. Re1 Red7 16. Bxc5 Bxc5 17. Kc1 Bd4 18. Ne4 Nxe4 19. fxe4 Bg6 20. Be2 Bxe4 21. Bg4 Bxg2 22. Bxd7+ Rxd7 23. Re8+ Kc7 24. Rhe1 Bf6 25. Kb1 a5 26. a4 Bh3 27. Nf4 Bf5 28. Ne6+ Kb6 29. Rf1 Bg6 30. Rh8 Rd2 31. Rc1 Rxh2 32. Nf8 Bf5 33. Rg8 h5 34. Rh8 Bg5 35. Rf1 Bxc2+ 36. Ka2 Bxa4 37. Nd7+ Kc7 38. Rf7 Kd6 39. Re8 Bb5 40. Ne5 Bf6 41. Rd7+ Kc5 42. Rxb7 h4 43. Nd7+ Kb4 44. Nxf6 gxf6 45. Re4+ Kc5 46. Rh7 Bc4+ 47. Kb1 Bd3+ 0-1


[Site "https://www.chess.com"]

[Event "Titled Tuesday Blitz May 24 Early 2022"]
[White "Vidit, Santosh Gujrathi"]
[Black "Bacrot, Etienne"]
[WhiteFideId "5029465"]
[BlackFideId "605506"]
[WhiteElo "2654"]
[BlackElo "2673"]
[Result "1-0"]
[Round "10"]
[TimeControl "180+1"]
[Date "2022.05.24"]
[WhiteClock "0:00:03"]
[BlackClock "0:00:09"]

1. d4 d5 2. c4 c6 3. cxd5 cxd5 4. Bf4 Nc6 5. e3 Nf6 6. Nc3 Bf5 7. Nf3 e6 8. Bb5 Bb4 9. O-O O-O 10. Rc1 Rc8 11. Na4 Bg4 12. h3 Bh5 13. g4 Bg6 14. Bxc6 bxc6 15. Ne5 Qe8 16. Qb3 Bd2 17. Rcd1 Ba5 18. Nxg6 hxg6 19. Bd6 Ne4 20. Bxf8 Qxf8 21. Qc2 Qd6 22. f3 Nf6 23. Qh2 Qb4 24. b3 Nd7 25. Rc1 Qe7 26. Qe2 e5 27. Qa6 Qd8 28. Rxc6 Rb8 29. Kg2 Bd2 30. Qd3 Bb4 31. Rfc1 Kh7 32. Nc5 e4 33. fxe4 Bxc5 34. R6xc5 dxe4 35. Qxe4 Nxc5 36. Rxc5 Qf6 37. Qf4 Qd8 38. Qxf7 Rb6 39. Rc7 Qa8+ 40. Kg3 Qh8 41. Re7 Rf6 42. Qxf6 Qb8+ 43. Qe5 Qxe5+ 44. dxe5 1-0


[Site "https://www.chess.com"]

[Event "Titled Tuesday Blitz May 24 Early 2022"]
[White "Vidonyak, Roman"]
[Black "Al-Tarboush, Ward"]
[WhiteFideId "14100622"]
[BlackFideId "7601450"]
[WhiteElo "2398"]
[BlackElo "2294"]
[Result "0-1"]
[Round "10"]
[TimeControl "180+1"]
[Date "2022.05.25"]
[WhiteClock "0:00:05"]
[BlackClock "0:00:11"]

1. d4 b6 2. c4 Bb7 3. Nc3 Nf6 4. d5 e6 5. a3 exd5 6. cxd5 c6 7. e4 cxd5 8. exd5 Bc5 9. Bc4 O-O 10. Nge2 Ng4 11. Nd4 Nxf2 12. Kxf2 Qh4+ 13. g3 Qxd4+ 14. Qxd4 Bxd4+ 15. Kg2 d6 16. Nb5 Bc5 17. Nc7 b5 18. Bb3 Nc6 19. Nxa8 Nd4 20. Ba2 Re8 21. Nc7 Re2+ 22. Kh3 Bc8+ 23. Ne6 fxe6 24. dxe6 Nxe6 25. Bxe6+ Bxe6+ 26. g4 h5 27. Bf4 g5 28. Bxg5 Bxg4+ 29. Kg3 Bf2+ 30. Kf4 Bd4 31. Bh4 Be3+ 32. Ke4 Bf2+ 33. Kd3 Bxh4 34. h3 Bf3 35. Rhg1+ Kh7 36. Raf1 Bf2 37. Rxf2 Rxf2 38. Rc1 Rxb2 39. Rc7+ Kg6 40. Rxa7 Rb3+ 41. Kd2 Be4 42. h4 d5 43. Ra6+ Kf5 44. Rh6 Kg4 0-1


[Site "https://www.chess.com"]

[Event "Titled Tuesday Blitz May 24 Early 2022"]
[White "Vittorino, Carlo Giovanni"]
[Black "Pesotskiy, Mikhail"]
[WhiteFideId "4401247"]
[BlackFideId "34164453"]
[WhiteElo "2233"]
[BlackElo "2010"]
[Result "0-1"]
[Round "10"]
[TimeControl "180+1"]
[Date "2022.05.25"]
[WhiteClock "0:00:16"]
[BlackClock "0:01:25"]

1. d4 Nf6 2. c4 e6 3. Nc3 Bb4 4. Nf3 b6 5. e3 Bb7 6. Bd3 O-O 7. O-O d6 8. Qc2 Nbd7 9. Ne4 d5 10. cxd5 exd5 11. Nxf6+ Nxf6 12. Ne5 Bd6 13. Bd2 c5 14. f4 Qe7 15. Bc3 Ne4 16. Bxe4 dxe4 17. dxc5 Bxc5 18. Bd4 Bxd4 19. exd4 f6 20. Ng4 Rac8 21. Qd2 Rfd8 22. Ne3 Ba6 23. Rf2 Bd3 24. d5 Qc5 25. Kh1 Qd4 26. Re1 Kh8 27. h3 Rc5 28. Kh2 Rdc8 29. Qd1 h6 30. Qg4 R8c7 31. Qf5 Rc1 32. Rxc1 Rxc1 33. Ng4 e3 34. Rf3 Bxf5 0-1


[Site "https://www.chess.com"]

[Event "Titled Tuesday Blitz May 24 Early 2022"]
[White "Vo, Thi Kim Phung"]
[Black "Kostiukov, Alexandr"]
[WhiteFideId "12401838"]
[BlackFideId "14108100"]
[WhiteElo "2261"]
[BlackElo "2202"]
[Result "1-0"]
[Round "10"]
[TimeControl "180+1"]
[Date "2022.05.25"]
[WhiteClock "0:01:09"]
[BlackClock "0:00:07"]

1. d4 g6 2. c4 Bg7 3. Nc3 d6 4. Nf3 e5 5. dxe5 dxe5 6. Qxd8+ Kxd8 7. e3 f6 8. b3 c6 9. Ba3 Nd7 10. Be2 Nh6 11. Ne4 Nf7 12. O-O-O Bf8 13. Bxf8 Rxf8 14. Nxf6 Ke7 15. Nxh7 Rh8 16. Nhg5 Nxg5 17. Nxg5 a5 18. Kb2 Nc5 19. f3 Be6 20. h4 Rad8 21. Rxd8 Rxd8 22. Kc3 Kf6 23. Rd1 Rh8 24. g3 Ke7 25. a3 Rf8 26. b4 axb4+ 27. axb4 Nd7 28. Ra1 Nf6 29. Ra7 Bc8 30. Bd3 Kd6 31. Bxg6 Kc7 32. g4 e4 33. Nxe4 Nxe4+ 34. Bxe4 Kb6 35. Ra1 Be6 36. h5 Rd8 37. g5 Kc7 38. h6 1-0


[Site "https://www.chess.com"]

[Event "Titled Tuesday Blitz May 24 Early 2022"]
[White "Volkov, Maksim"]
[Black "Shtyka, Sergey"]
[WhiteFideId "54123070"]
[BlackFideId "4138465"]
[WhiteElo "2155"]
[BlackElo "2014"]
[Result "1-0"]
[Round "10"]
[TimeControl "180+1"]
[Date "2022.05.25"]
[WhiteClock "0:00:20"]
[BlackClock "0:00:01"]

1. d4 c5 2. d5 e5 3. c4 d6 4. Nc3 Be7 5. g3 Nf6 6. Bg2 O-O 7. Nf3 Nbd7 8. O-O a6 9. Rb1 Rb8 10. b4 cxb4 11. Rxb4 Nc5 12. Be3 Nfd7 13. Rb2 Qa5 14. Qc2 b5 15. cxb5 axb5 16. a3 Qxa3 17. Rxb5 Rxb5 18. Nxb5 Qa5 19. Rb1 Ba6 20. Bd2 Qd8 21. Na7 Bxe2 22. Nc6 Qe8 23. Ne1 Bh5 24. Qb2 Bg6 25. Ra1 Bf6 26. Bc3 e4 27. Bxf6 Nxf6 28. Nc2 Nxd5 29. N2d4 Nf6 30. Ra7 e3 31. Ne7+ Kh8 32. fxe3 Qb8 33. Ra8 Qxa8 34. Bxa8 Rxa8 35. Nxg6+ hxg6 36. Qb6 Ra1+ 37. Kg2 Ra2+ 38. Kh3 Nce4 39. Nf3 g5 40. g4 Nf2+ 41. Kg3 N2e4+ 42. Kh3 Nf2+ 43. Kg2 N2xg4+ 44. Kg3 Ne5 45. Nxg5 Re2 46. Qxd6 Rxe3+ 47. Kf4 1-0


[Site "https://www.chess.com"]

[Event "Titled Tuesday Blitz May 24 Early 2022"]
[White "Vovk, Orest"]
[Black "Olafsson, Helgi"]
[WhiteFideId "14113490"]
[BlackFideId "2300010"]
[WhiteElo "2203"]
[BlackElo "2463"]
[Result "0-1"]
[Round "10"]
[TimeControl "180+1"]
[Date "2022.05.25"]
[WhiteClock "0:00:59"]
[BlackClock "0:01:00"]

1. h4 d5 2. h5 c5 3. e4 dxe4 4. Nc3 Nf6 5. Rh4 Bf5 6. g4 g5 7. hxg6 Bxg6 8. d3 exd3 9. g5 Nd5 10. Bxd3 Nxc3 11. bxc3 Bg7 12. Bb5+ Nc6 13. Ne2 Qxd1+ 14. Kxd1 O-O-O+ 15. Ke1 Ne5 16. Ng1 Bxc2 17. f4 Nd3+ 18. Bxd3 Bxd3 19. Bd2 Be4 20. Ne2 h6 21. Ng3 Bd3 22. gxh6 Rxh6 23. Rxh6 Bxh6 24. Be3 b6 25. a4 a5 26. Kf2 Bg7 27. Rc1 Kb7 28. c4 Kc6 29. Kf3 Bb2 30. Rd1 Be4+ 31. Nxe4 Rxd1 32. Ng5 Bd4 33. Bxd4 Rxd4 34. Nxf7 Rxc4 35. Ne5+ Kd5 36. Nxc4 Kxc4 37. Ke4 Kb3 38. Ke5 c4 39. Ke6 c3 40. Kxe7 c2 41. f5 c1=Q 42. f6 Qe3+ 0-1


[Site "https://www.chess.com"]

[Event "Titled Tuesday Blitz May 24 Early 2022"]
[White "Xu, Yi"]
[Black "Cherniaiev, Tykhon"]
[WhiteFideId "8605564"]
[BlackFideId "14182360"]
[WhiteElo "2471"]
[BlackElo "2289"]
[Result "0-1"]
[Round "10"]
[TimeControl "180+1"]
[Date "2022.05.24"]
[WhiteClock "0:00:31"]
[BlackClock "0:00:58"]

1. e4 c5 2. Nf3 e6 3. d4 cxd4 4. Nxd4 a6 5. c4 Qc7 6. Nc3 Nf6 7. a3 Nc6 8. Be3 Be7 9. Be2 O-O 10. O-O d6 11. Rc1 Bd7 12. f3 Rac8 13. Nxc6 Bxc6 14. b4 Qb8 15. a4 Rfd8 16. Bb6 Re8 17. b5 axb5 18. axb5 Bd7 19. Kh1 d5 20. cxd5 exd5 21. Nxd5 Nxd5 22. Qxd5 Be6 23. Qd4 Bf6 24. Qg1 Qe5 25. Be3 Qb2 26. Qf2 Rxc1 27. Rxc1 Rd8 28. Bf1 Qa3 29. Qe2 h6 30. Bb6 Qxc1 31. Bxd8 Bxd8 32. Qd3 Bb6 33. h3 Qc5 34. Kh2 g5 35. f4 Qg1+ 36. Kg3 Qf2+ 37. Kh2 Qxf4+ 38. Kh1 Qf2 39. Kh2 Qg1+ 40. Kg3 Qe3+ 41. Qxe3 Bxe3 42. Kf3 Bd4 43. Bd3 f6 44. Kg3 Kf8 45. Kf3 Ke7 46. Ke2 Kd6 47. Kd2 Kc5 48. e5 fxe5 0-1


[Site "https://www.chess.com"]

[Event "Titled Tuesday Blitz May 24 Early 2022"]
[White "Yang, Kaiqi"]
[Black "Gaehwiler, Gabriel"]
[WhiteFideId "8604398"]
[BlackFideId "1314530"]
[WhiteElo "2373"]
[BlackElo "2383"]
[Result "1-0"]
[Round "10"]
[TimeControl "180+1"]
[Date "2022.05.24"]
[WhiteClock "0:01:05"]
[BlackClock "0:00:58"]

1. d4 c5 2. d5 d6 3. e4 Nf6 4. Nc3 g6 5. h3 Bg7 6. Nf3 O-O 7. Be2 Na6 8. O-O Nc7 9. a4 b6 10. Nd2 a6 11. Nc4 Rb8 12. Bg5 Nfe8 13. Qd2 Bd7 14. Rfe1 Bf6 15. Bf1 b5 16. axb5 axb5 17. Na5 b4 18. Ne2 e5 19. Bxf6 Nxf6 20. Ng3 h5 21. Bc4 h4 22. Nf1 Rb6 23. Qh6 Nh5 24. Ne3 Qf6 25. Nc6 Bxc6 26. dxc6 Qg7 27. Qg5 Qf6 28. Qg4 Rxc6 29. Ra7 Rd8 30. Rxc7 1-0


[Site "https://www.chess.com"]

[Event "Titled Tuesday Blitz May 24 Early 2022"]
[White "Yeletsky, Ivan"]
[Black "Barria Zuniga, Daniel"]
[WhiteFideId "24180327"]
[BlackFideId "3400816"]
[WhiteElo "2319"]
[BlackElo "2414"]
[Result "0-1"]
[Round "10"]
[TimeControl "180+1"]
[Date "2022.05.24"]
[WhiteClock "0:00:02"]
[BlackClock "0:00:03"]

1. e4 e6 2. d4 d5 3. Nc3 Bb4 4. e5 Ne7 5. a3 Bxc3+ 6. bxc3 c5 7. h4 Qc7 8. h5 h6 9. Rb1 Nbc6 10. Nf3 Bd7 11. Bd3 O-O-O 12. O-O f6 13. Re1 c4 14. Bf1 f5 15. a4 g5 16. hxg6 Nxg6 17. Ba3 Rdg8 18. Bd6 Qd8 19. a5 Qxa5 20. Ra1 Qd8 21. Qb1 b6 22. Qb5 Kb7 23. Qa6+ Ka8 24. Reb1 Bc8 25. Qxb6 Qxb6 26. Rxb6 Bb7 27. Bc5 Nf8 28. Rxc6 Bxc6 29. Rxa7+ Kb8 30. Re7 Bd7 31. Rf7 Kc8 32. Nh4 Ng6 33. Nxg6 Rxg6 34. Be2 h5 35. Kh2 h4 36. Bf3 Kd8 37. Bd6 Rgh6 38. Rg7 R6h7 39. Rg6 Rh6 40. Rg5 Ba4 41. Bd1 Be8 42. Rg7 R6h7 43. Rg5 Bh5 44. Bxh5 Rxh5 45. Rg6 R5h6 46. Rg7 R6h7 47. Rg6 Kd7 48. Bc5 Ra8 49. Rf6 Ra2 50. Rf8 Rxc2 51. Bb4 Rb2 52. Ra8 Rxb4 53. cxb4 Kc6 54. Ra5 Rb7 55. Ra6+ Kb5 56. Rxe6 Rc7 57. Re8 c3 58. Ra8 c2 0-1


[Site "https://www.chess.com"]

[Event "Titled Tuesday Blitz May 24 Early 2022"]
[White "Yuan, Qingyu"]
[Black "Kozak, Antoni"]
[WhiteFideId "8609772"]
[BlackFideId "21832030"]
[WhiteElo "2359"]
[BlackElo "2322"]
[Result "1-0"]
[Round "10"]
[TimeControl "180+1"]
[Date "2022.05.24"]
[WhiteClock "0:00:07"]
[BlackClock "0:00:04"]

1. e4 c5 2. Nf3 d6 3. Bb5+ Nd7 4. c4 Nf6 5. Nc3 e6 6. O-O Be7 7. d4 cxd4 8. Nxd4 O-O 9. Qe2 Nc5 10. Rd1 a6 11. b4 axb5 12. bxc5 b4 13. Ncb5 dxc5 14. Nxe6 Bxe6 15. Rxd8 Raxd8 16. e5 Ne4 17. Be3 Bd7 18. f3 Bxb5 19. cxb5 Nc3 20. Qc4 b6 21. Rc1 Ra8 22. Rc2 Kh8 23. Bd2 Nb1 24. Bc1 h6 25. e6 fxe6 26. Qxe6 Bf6 27. Qxb6 Bd4+ 28. Kh1 Rae8 29. h4 Nc3 30. Qc6 Ne2 31. Bxh6 Ng3+ 32. Kh2 Nf1+ 33. Kh3 gxh6 34. Qxh6+ Kg8 35. Qg6+ Kh8 36. b6 Ne3 37. Rd2 Nf5 38. b7 Ng7 39. h5 Re6 40. Qg4 Rb6 41. Qc8 Kg8 42. Re2 c4 43. Kg4 c3 44. h6 Rg6+ 45. Kh3 Rxh6+ 46. Kg3 Rg6+ 47. Kh4 Rh6+ 48. Kg5 Rb6 49. f4 Bf6+ 50. Kg4 Kf7 51. g3 Kg8 52. Kf3 Kf7 53. g4 b3 54. axb3 c2 55. Rxc2 Rxb3+ 56. Kg2 Re8 57. Rc7+ Kf8 58. g5 Bd4 59. Rxg7 Bxg7 60. Qc7 Re7 61. Qc8+ Re8 62. Qc7 Rb2+ 63. Kf3 Re7 64. b8=Q+ Kf7 65. Qxb2 Bxb2 66. Qc4+ Kf8 67. f5 Be5 68. Kg4 Rd7 69. Qe6 Rd4+ 70. Kh5 Bc7 71. Qf6+ Ke8 72. Qxd4 1-0


[Site "https://www.chess.com"]

[Event "Titled Tuesday Blitz May 24 Early 2022"]
[White "Zavgorodniy, Sergiy"]
[Black "Riehle, Marco"]
[WhiteFideId "14110148"]
[BlackFideId "12904392"]
[WhiteElo "2420"]
[BlackElo "2462"]
[Result "0-1"]
[Round "10"]
[TimeControl "180+1"]
[Date "2022.05.24"]
[WhiteClock "0:00:19"]
[BlackClock "0:00:47"]

1. e4 e5 2. Nf3 Nf6 3. d3 Nc6 4. Be2 Bc5 5. O-O d6 6. c3 O-O 7. Bg5 Bb6 8. Nbd2 Be6 9. Re1 d5 10. Qc2 Qe7 11. Nf1 dxe4 12. dxe4 Qc5 13. Ne3 Ng4 14. h3 Nxf2 15. b4 Nxb4 16. cxb4 Qxc2 17. Nxc2 Nd3+ 18. Kh2 Nxe1 19. Ncxe1 f6 20. Bc1 Rfd8 21. Nc2 Rd7 22. Ne3 Rad8 23. a4 a6 24. a5 Bd4 25. Ra3 Ba7 26. h4 c6 27. h5 Rc7 28. Nh4 Rd4 29. Bf3 Rxb4 30. Nef5 Rd7 31. Bg4 Kf8 32. Rc3 Rc4 33. Rf3 Rxc1 0-1


[Site "https://www.chess.com"]